 Dungeon Crawl Stone Soup version 0.28-a0-751-gef3a642a4e (webtiles) character file.

Game seed: 8830112032932774969

215 funkygono the Firebug (level 5, -15/28 HPs)
             Began as a Gargoyle Fire Elementalist on Oct 30, 2021.
             Demolished by an ogre (26 damage)
             ... on level 4 of the Dungeon.
             The game lasted 00:07:23 (3869 turns).

funkygono the Firebug (Gargoyle Fire Elementalist)  Turns: 3869, Time: 00:07:24

Health: -15/28     AC:  7    Str: 12    XL:     5   Next: 92%
Magic:  5/10       EV: 12    Int: 16    God:
Gold:   954        SH:  0    Dex: 10    Spells: 0/10 levels left

rFire   . . .      SeeInvis .   u - +1 whip (spect)
rCold   + . .      Faith    .   (no shield)
rNeg    + . .      Spirit   .   a - +0 robe
rPois   ∞          Reflect  .   (no helmet)
rElec   +          Harm     .   (no cloak)
rCorr   .          Rampage  .   e - +0 pair of gloves
Will    .....                   (no boots)
Stlth   ++........              (no amulet)
HPRegen 0.09/turn               r - ring of protection from cold
MPRegen 0.12/turn               (no ring)

@: no status effects
A: sickness immunity, AC +4, negative energy resistance 1, electricity
resistance, torment resistance 1, petrification resistance
a: no special abilities


You were on level 4 of the Dungeon.
You visited 1 branch of the dungeon, and saw 4 of its levels.

You collected 954 gold pieces.

Inventory:

Hand Weapons
 u - a +1 spectral whip (weapon)
Missiles
 d - 93 stones
 p - a throwing net
Armour
 a - a +0 robe (worn)
 e - a +0 pair of gloves (worn)
 f - a +0 leather armour
Magical Staves
 l - a staff of air
Jewellery
 r - a ring of protection from cold (left hand)
Scrolls
 b - a scroll of teleportation {unknown}
Potions
 h - a potion of curing {unknown}
 i - a potion of lignification {unknown}
 j - a potion of heal wounds {unknown}
 m - 2 potions of cancellation
 o - a potion of mutation {unknown}
 t - a potion of haste {unknown}
 v - a potion of invisibility {unknown}


   Skills:
 + Level 2.0 Dodging
 - Level 2.1 Stealth
 * Level 3.4 Spellcasting
 * Level 2.8 Conjurations
 * Level 4.6 Fire Magic


You couldn't memorise any spells.
You knew the following spells:

 Your Spells              Type           Power      Damage    Failure   Level
a - Foxfire               Conj/Fire      56%        2x1d6     3%          1
b - Scorch                Fire           34%        2d6       4%          2
c - Conjure Flame         Conj/Fire      14%        6-21      12%         3
d - Flame Wave            Conj/Fire      14%        3d5       36%         4

Your spell library contained the following spells:

 Spells                   Type           Power      Damage    Failure   Level
 Inner Flame              Hex/Fire       10%        N/A       22%         3
 Dazzling Flash           Conj/Hex       14%        N/A       30%         3
 Iskenderun's Mystic Bla  Conj/Tloc      7%         2d4       69%         4
 Starburst                Conj/Fire      7%         6d4       99%         6


Dungeon Overview and Level Annotations

Branches:
Dungeon (4/15)
 Temple: D:4-7

Altars:
Hepliaklqana
Kikubaaqudgha
Xom


Innate Abilities, Weirdness & Mutations

You are immune to sickness and miasma.
Your stone body is resilient. (AC +4)
You are immune to poison.
You resist negative energy. (rN+)
You are resistant to electric shocks. (rElec)
You are resistant to unholy torment.
You are immune to petrification.


Message History

The iguana is no longer more vulnerable to fire.
There is an open door here.
The iguana hisses menacingly.
You see here a +0 dagger.
Casting: Scorch (safe; 4% risk of failure)
Confirm with . or Enter, or press ? or * to list all spells.
Flames lash the iguana.
The iguana is severely wounded.
The iguana's fire resistance burns away.
The iguana barely misses you.
Casting: Scorch (safe; 4% risk of failure)
Confirm with . or Enter, or press ? or * to list all spells.
Flames lash the ogre.
The ogre is lightly wounded.
The ogre's fire resistance burns away.
The iguana closely misses you.
Casting: Scorch (safe; 4% risk of failure)
Confirm with . or Enter, or press ? or * to list all spells.
Flames lash the ogre.
The ogre is burned terribly!
The ogre is heavily wounded.
The iguana bites you!
Casting: Scorch (safe; 4% risk of failure)
Confirm with . or Enter, or press ? or * to list all spells.
Flames lash the iguana.
The iguana is severely wounded.
The iguana is no longer more vulnerable to fire.
The iguana bites you.
Casting: Scorch (safe; 4% risk of failure)
Confirm with . or Enter, or press ? or * to list all spells.
You don't have enough magic to cast this spell.
Casting: Scorch (safe; 4% risk of failure)
Confirm with . or Enter, or press ? or * to list all spells.
You don't know that spell.
The ogre is no longer more vulnerable to fire.
You see here a giant cockroach corpse.
The iguana closely misses you.
Found 26 bolts.
There is a stone staircase leading up here.
The ogre hits you with a +0 giant spiked club!!
Ouch! That really hurt!
You die...

#...# ............
#...# .....)......
....# ............
#####
#########+###'#..#
....#
#............)..##
....# #...............#
....# #...............#
....# #...............#
....# #@..............#
....# #O..............#
....###
#l..............##
#####.#
##....########....
#.....#
#....#......'....
#.....# ...
#....#....<.#.>..
#.....# (...
#....#......#....
#.....# ....
#....#......#....
#'###.#
...####....########....


You could see an ogre and an iguana.

Vanquished Creatures
  A scorpion (D:4)
  An orc wizard (D:3)
  4 adders (D:2)
  An ufetubus (D:4)
  3 dart slugs
  2 orcs (D:3)
  11 bats
  4 endoplasms
  8 giant cockroaches
  5 goblins
  8 hobgoblins
  5 jackals (D:1)
  3 quokkas
  6 ball pythons
  3 frilled lizards
  7 kobolds
  3 rats
75 creatures vanquished.

Vanquished Creatures (others)
  206 foxfires
206 creatures vanquished.

Grand Total: 281 creatures vanquished

Notes
Turn   | Place    | Note
-------+----------+-------------------------------------------
     0 | D:1      | funkygono the Gargoyle Fire Elementalist began the quest
                  | for the Orb.
     0 | D:1      | Reached XP level 1. HP: 10/10 MP: 3/3
   419 | D:1      | Reached XP level 2. HP: 15/15 MP: 1/5
   422 | D:1      | Learned a level 2 spell: Scorch
   938 | D:1      | Reached XP level 3. HP: 19/19 MP: 3/6
   942 | D:1      | Learned a level 3 spell: Conjure Flame
  1256 | D:1      | Found a faded altar of an unknown god.
  1883 | D:2      | Reached XP level 4. HP: 24/24 MP: 4/7
  2449 | D:2      | Identified a scroll of acquirement
  2449 | D:2      | Acquired 832 gold pieces
  2511 | D:3      | Found an ancient bone altar of Kikubaaqudgha.
  2603 | D:3      | Found a hazy altar of Hepliaklqana.
  2604 | D:3      | Found a shimmering altar of Xom.
  2605 | D:3      | Noticed a spectral ugly thing
  2672 | D:3      | Reached skill level 4 in Fire Magic
  2672 | D:3      | Reached XP level 5. HP: 28/28 MP: 1/9
  2761 | D:3      | Learned a level 4 spell: Flame Wave
  3804 | D:4      | Noticed an ogre
  3869 | D:4      | Demolished by an ogre

Illustrated notes

Levels and vault maps discovered:
D:1:      amcnicky_arrival_abandoned_market, layout_basic,
          hellmonk_ecumenical_altar_run_dry, minmay_tromino_i4
D:2:      layout_basic
D:3:      layout_loops_ring, nicolae_kikubaaqudgha_miasma_corner,
          regret_index_temple_of_mockery
D:4:      layout_gridville, mainiacjoe_overflow_alcove_2,
          nicolae_ru_the_path_less_chosen, uniq_natasha

Skill      XL: |  1  2  3  4 |
---------------+-------------+-----
Dodging        | 2 |  2.0
Conjurations   | 2 |  2.8
Spellcasting   | 3 |  3.4
Fire Magic     | 4 |  4.6
Stealth        | |  2.1

Action                   |  1- 3 |  4- 6 || total
-------------------------+-------+-------++-------
Melee: Unarmed           |    10 |       ||    10
       Staff             |     1 |       ||     1
       Club              |       |     1 ||     1
 Cast: Foxfire           |    57 |    71 ||   128
       Scorch            |     1 |     8 ||     9
  Use: Scroll            |       |     7 ||     7
Armor: Robe              |    21 |     5 ||    26
Dodge: Dodged            |    33 |     7 ||    40

Table legend: (Time is in decaauts)
 A = Elapsed time spent in this place.
 B = Non-inter-level travel time spent in this place.
 C = Inter-level travel time spent in this place.
 D = Time resting spent in this place.
 E = Time spent auto-exploring this place.
 F = Levels seen in this place.
 G = Mean time per level.
                   A        B        C        D        E       F      G
               +--------+--------+--------+--------+--------+-----+--------+
         Total |   3866 |   3792 |     74 |     98 |   3056 |   4 |  966.5 |
       Dungeon |   3866 |   3792 |     74 |     98 |   3056 |   4 |  966.5 |
               +--------+--------+--------+--------+--------+-----+--------+

Top non-repeatable levels by time:
     D:1: 1536 daAuts
     D:2: 945 daAuts
     D:3: 843 daAuts
     D:4: 540 daAuts
